 Dungeon Crawl Stone Soup version 0.22.1-1-ga44c0e56f4 (webtiles) character file.

25 Reeggar the Scratcher (level 2, 0/12 HPs)
             Began as a Felid Transmuter on Oct 23, 2018.
             Slain by a worm (10 damage)
             ... on level 2 of the Dungeon.
             The game lasted 00:05:43 (1522 turns).

Reeggar the Scratcher (Felid Transmuter)            Turns: 1522, Time: 00:05:44

Health: 0/12       AC:  1    Str:  6    XL:     2   Next: 82%
Magic:  6/6        EV: 18    Int: 14    God:
Gold:   48         SH:  0    Dex: 16    Spells: 4/5 levels left
                                        Lives:  0   Deaths: 0

rFire    . . .     SeeInvis +     - Unarmed
rCold    . . .     Gourm    .   (shield unavailable)
rNeg     . . .     Faith    .   (armour unavailable)
rPois    .         Spirit   .   (helmet unavailable)
rElec    .         Reflect  .   (cloak unavailable)
rCorr    .         Harm     .   (gloves unavailable)
MR       .....                  (boots unavailable)
Stlth    ++........             (no amulet)
HPRegen  0.04/turn              (no ring)
MPRegen  0.10/turn              (no ring)

@: quick
A: very small, no armour, no weapons or thrown items, stealth, claws 1, fangs 3,
see invisible, carnivore, speed 1, shaggy fur 1, slow metabolism 1, sharp paws
a: no special abilities


You were on level 2 of the Dungeon.
You were very full.

You visited 1 branch of the dungeon, and saw 2 of its levels.

You collected 48 gold pieces.

Inventory:

Missiles
 a - 12 arrows
Jewellery
 b - a cursed -5 ring of strength {unknown}
Scrolls
 e - a scroll of blinking {unknown}
 h - 2 scrolls of enchant armour {unknown}
 i - 2 scrolls of identify {unknown}
 j - 3 scrolls of remove curse {unknown}
Potions
 f - a potion of mutation {unknown}
 g - a potion of berserk rage {unknown}
Comestibles
 c - 2 rations
 d - a chunk of flesh


   Skills:
 * Level 1.1 Fighting
 * Level 3.0 Dodging
 * Level 0.3 Stealth
 * Level 3.6 Unarmed Combat
 * Level 2.1 Spellcasting
 * Level 2.4 Transmutations


You had 4 spell levels left.
You knew the following spells:

 Your Spells              Type           Power        Failure   Level  Hunger
a - Beastly Appendage     Tmut           #.....       9%          1    #......

Your spell library contained the following spells:

 Spells                   Type           Power        Failure   Level  Hunger
 Sticks to Snakes         Tmut           #.......     13%         2    ###....
 Spider Form              Tmut/Pois      #.........   38%         3    ###....
 Ice Form                 Ice/Tmut       #.......     80%         4    #####..
 Blade Hands              Tmut           #.........   94%         5    ######.


Dungeon Overview and Level Annotations

Branches:
Dungeon (2/15)

Altars:


Innate Abilities, Weirdness & Mutations

You cannot wear armour.
You are incapable of wielding weapons or throwing items.
Your paws allow you to move quietly. (Stealth)
You have sharp claws.
You have razor-sharp teeth.
You have supernaturally acute eyesight. (SInv)
You are carnivorous and can eat meat at any time.
You cover ground quickly.
You are covered in fur. (AC +1)
You have a slow metabolism.
Your sharp claws are effective at attacking unaware monsters.


Message History

Some of the chunks of flesh in your inventory have rotted away.
i - 2 scrolls labeled QEL SEBIFRAMIK (gained 1)
A worm comes into view.
The worm completely misses you.
You scratch the worm but do no damage. You barely miss the worm.
The worm misses you.
You barely miss the worm. You claw the worm!
The worm is heavily wounded.
The worm misses you.
You scratch the worm but do no damage.
The worm is moderately wounded.
You scratch the worm but do no damage.
The worm is moderately wounded.
The worm bites you.
You scratch the worm but do no damage.
The worm is moderately wounded.
The worm bites you!
Ouch! That really hurt!
You die...

#.# # #.# #..#
###.# #..#
.##.####### ..#
.......(... ..#
.##.####### #.#
###.# #.# .(..#
##.##########
....#
#....@w......
###.#
#.#.#########
#.# #.#.# #.#
#.#.# #.# #.#.#
#.# #.#.#
###.##### #.#.#
........####.#.#
###..........#.#


You could see a worm.

Vanquished Creatures
  A dart slug (D:1)
  4 giant cockroaches (D:1)
  2 hobgoblins (D:1)
  3 jackals (D:1)
  3 kobolds (D:1)
  4 bats
  2 frilled lizards
  4 rats (D:1)
23 creatures vanquished.

Notes
Turn   | Place    | Note
-------+----------+-------------------------------------------
     0 | D:1      | Reeggar the Felid Transmuter began the quest for the Orb.
     0 | D:1      | Reached XP level 1. HP: 9/9 MP: 4/4
   192 | D:1      | Reached XP level 2. HP: 10/12 MP: 6/6
  1522 | D:2      | Slain by a worm

Skill      XL: |  1  2 |
---------------+-------+-----
Dodging        | 3 |  3.0
Fighting       | |  1.1
Stealth        | |  0.3
Unarmed Combat | |  3.6
Spellcasting   | |  2.1
Transmutations | |  2.4

Action                   || total
-------------------------++-------
Melee: Unarmed           ||    57
       Bite              ||     6
       Punch             ||     1
 Stab: Sleeping          ||     4
  Eat: Chunk             ||     6
Armor: Skin              ||     3
Dodge: Dodged            ||    48
